 Dungeon Crawl Stone Soup version 0.20.1-1-g8b1a95d (webtiles) character file.

3382 Nattfarinn the Archer (level 9, -5/82 HPs)
             Began as a Centaur Hunter on Aug 1, 2017.
             Slain by an unseen horror (8 damage)
             ... on level 11 of the Dungeon.
             The game lasted 00:25:58 (10834 turns).

Nattfarinn the Archer (Centaur Hunter)             Turns: 10834, Time: 00:25:58

Health: -5/82      AC:  7    Str: 14    XL:     9   Next: 74%
Magic:  9/9        EV:  4    Int: 10    God:
Gold:   367        SH:  0    Dex: 14    Spells: 8/8 levels left

rFire    . . .     SeeInvis .   a - +4 shortbow
rCold    . . .     Gourm    .   (shield currently unavailable)
rNeg     + . .     Faith    .   q - +0 chain mail
rPois    .         Spirit   .   (no helmet)
rElec    .         Reflect  .   (no cloak)
rCorr    .         Harm     .   (no gloves)
MR       .....                  (no barding)
Stlth    ..........             (no amulet)
Regen    0.3/turn               A - ring of positive energy
MPRegen  0.2/turn               (no ring)

@: marked, very quick
A: hooves 3, deformed body, speed 2, tough skin 3
a: no special abilities


You were on level 11 of the Dungeon.
You were hungry.

You visited 2 branches of the dungeon, and saw 10 of its levels.

You collected 367 gold pieces.

Inventory:

Hand Weapons
 a - a +4 shortbow (weapon)
 b - a +0 short sword
 J - a +0 hunting sling
Missiles
 d - 16 arrows (quivered)
 e - 12 poisoned needles
 p - 262 stones
 y - 18 bolts
Armour
 q - a +0 chain mail (worn)
Jewellery
 A - a ring of positive energy (left hand)
Wands
 c - a wand of paralysis (17/24)
 x - a wand of clouds (5/9)
 z - a wand of flame (26/48)
 E - a wand of acid (3/15)
Scrolls
 i - 3 scrolls of enchant armour {unknown}
 j - 2 scrolls of magic mapping {unknown}
 k - 2 scrolls of fog {unknown}
 l - 9 scrolls of identify
 o - 2 scrolls of noise {unknown}
 r - 6 scrolls of teleportation {unknown}
 u - 3 scrolls of fear {unknown}
 v - a scroll of immolation {unknown}
 B - a scroll of remove curse {unknown}
 C - a scroll of random uselessness {unknown}
Potions
 h - 2 potions of brilliance {unknown}
 m - a potion of cancellation {unknown}
 s - 3 potions of lignification
 t - a potion of berserk rage
 w - 2 potions of curing
 F - a potion of magic {unknown}
 G - a potion of ambrosia {unknown}
 H - a potion of might {unknown}
Comestibles
 f - 5 bread rations
 g - 4 fruits
 n - a royal jelly


   Skills:
 * Level 8.5 Fighting
 - Level 1.0 Short Blades
 * Level 5.7 Slings
 + Level 13.2 Bows
 - Level 1.3 Dodging
 - Level 0.4 Stealth


You had 8 spell levels left.
You didn't know any spells.

Dungeon Overview and Level Annotations

Branches:
Dungeon (8/15)             Temple (1/1) D:5
   Lair: D:8-11

Altars:
Ashenzari
Cheibriados
Dithmenos
Elyvilon
Fedhas
Gozag
Hepliaklqana
Kikubaaqudgha
Nemelex Xobeh
Qazlal
Sif Muna
Trog
Uskayaw
Yredelemnul
Zin
The Shining One


Innate Abilities, Weirdness & Mutations

You have hooves in place of feet.
Armour fits poorly on your strangely shaped body.
You cover ground very quickly.
You have extremely tough skin. (AC +3)


Message History

A kobold comes into view.
You see here a bolt.
Something hits you! Something hits you. Something hits you.
Something hits you but does no damage. Something hits you.
* * * LOW HITPOINT WARNING * * *
Something completely misses you. Something hits you.
* * * LOW HITPOINT WARNING * * *
Something hits you.
* * * LOW HITPOINT WARNING * * *
The big kobold shoots a bolt.
The bolt hits you!
* * * LOW HITPOINT WARNING * * *
You see here a bolt.
Something hits you.
* * * LOW HITPOINT WARNING * * *
Something hits you!
You die...

.. ### .# ...#
..........# .. #...
.........# .###..
##........#
.#⌠.##+##.⌠# .......#
.#.........# ......#
..#.......#####.....#
..#...........#.....#
..+..._..(+...'.@...#
..#.......#...#.(####
###K......####...#
.#....(..........#
.#⌠.#(K##.⌠#.....#
.###.K..####..?###
...Y#Y..#.....##
##(.#...#Y....#
##.####.K..###


There were no monsters in sight!

Vanquished Creatures
  The ghost of tape the Magician, a novice OpWz of Kikubaaqudgha (D:7)
  A hippogriff (D:7)
  A yak (D:11)
  A wyvern (D:8)
  The ghost of Gelerth the Skirmisher, an amateur MiFi (D:3)
  Edmund (D:4)
  An ice beast (D:6)
  2 sky beasts
  A black bear (D:6)
  2 ogres
  A phantom (D:5)
  A centaur (D:7)
  A big kobold (D:7)
  3 bullfrogs (D:6)
  A wyvern skeleton (D:6)
  A scorpion (D:4)
  4 howler monkeys
  2 crimson imps (D:6)
  A centaur zombie (D:5)
  A centaur skeleton (D:6)
  5 orc priests
  3 hounds
  4 iguanas
  5 orc wizards
  3 worker ants
  A worker ant zombie (D:5)
  14 adders
  3 shadow imps
  3 oozes
  A worm (D:3)
  2 dart slugs (D:3)
  3 leopard geckos
  25 orcs
  2 ball pythons
  6 bats
  9 giant cockroaches
  10 goblins
  7 hobgoblins
  7 jackals
  4 quokkas
  3 frilled lizards
  9 kobolds
  A leopard gecko skeleton (D:4)
  A leopard gecko zombie (D:5)
  12 rats
171 creatures vanquished.

Vanquished Creatures (others)
  A kobold (D:7)
1 creature vanquished.

Grand Total: 172 creatures vanquished

Notes
Turn   | Place    | Note
-------+----------+-------------------------------------------
     0 | D:1      | Nattfarinn the Centaur Hunter began the quest for the Orb.
     0 | D:1      | Reached XP level 1. HP: 17/17 MP: 1/1
   548 | D:1      | Reached XP level 2. HP: 17/24 MP: 2/2
   610 | D:1      | Reached skill level 6 in Bows
  1045 | D:1      | Reached XP level 3. HP: 19/29 MP: 3/3
  1457 | D:2      | Found a bloodstained altar of Trog.
  1791 | D:2      | Reached skill level 1 in Short Blades
  2077 | D:2      | Reached XP level 4. HP: 36/37 MP: 4/4
  2758 | D:3      | Noticed Gelerth's ghost (amateur MiFi)
  2863 | D:3      | Reached XP level 5. HP: 44/46 MP: 5/5
  2900 | D:3      | Killed Gelerth's ghost
  2900 | D:3      | Reached skill level 7 in Bows
  2900 | D:3      | Reached XP level 6. HP: 9/53 MP: 6/6
  3383 | D:3      | Reached skill level 8 in Bows
  3971 | D:4      | Reached skill level 9 in Bows
  4042 | D:4      | Noticed Edmund
  4471 | D:4      | Reached XP level 7. HP: 48/60 MP: 7/7
  4497 | D:4      | Found a sparkling altar of Nemelex Xobeh.
  4599 | D:4      | Reached skill level 5 in Fighting
  5010 | D:4      | Killed Edmund
  5010 | D:4      | Reached skill level 10 in Bows
  5364 | D:4      | Found a glowing golden altar of the Shining One.
  5391 | D:5      | Entered Level 5 of the Dungeon
  5391 | D:5      | Found a staircase to the Ecumenical Temple.
  5466 | Temple   | Entered the Ecumenical Temple
  5670 | D:5      | Reached XP level 8. HP: 62/70 MP: 8/8
  5747 | D:5      | Reached skill level 11 in Bows
  6551 | D:6      | Found a stormy altar of Qazlal.
  6646 | D:6      | Reached skill level 12 in Bows
  6773 | D:6      | Found a basalt altar of Yredelemnul.
  6819 | D:6      | Found a hide-covered altar of Uskayaw.
  6907 | D:6      | Found a glowing silver altar of Zin.
  7239 | D:6      | Reached skill level 1 in Slings
  7699 | D:6      | Reached XP level 9. HP: 34/78 MP: 9/9
  8716 | D:7      | Noticed tape's ghost (novice OpWz)
  9338 | D:6      | HP: 3/79 [poisoned by a water moccasin]
  9339 | D:6      | HP: 1/79 [poisoned by a water moccasin]
 10099 | D:7      | Killed tape's ghost
 10099 | D:7      | Reached skill level 5 in Slings
 10099 | D:7      | Reached skill level 13 in Bows
 10715 | D:7      | Found a shadowy altar of Dithmenos.
 10787 | D:8      | Found a sparkling altar of Nemelex Xobeh.
 10799 | D:8      | You fall through a shaft for 3 floors!
 10799 | D:11     | Found a shattered altar of Ashenzari.
 10834 | D:11     | HP: 3/82 [something (5)]
 10834 | D:11     | Slain by an unseen horror

Skill      XL: |  1  2  3  4  5  6  7  8  9 |
---------------+----------------------------+-----
Bows           | 6 7 9 10 12 13 | 13.2
Short Blades   | 1 |  1.0
Fighting       | 3 4 5 6 8 |  8.5
Slings         | 2 5 |  5.7
Dodging        | |  1.3
Stealth        | |  0.4

Action                   |  1- 3 |  4- 6 |  7- 9 || total
-------------------------+-------+-------+-------++-------
Melee: Short sword       |   173 |    46 |   161 ||   380
       Kick              |    13 |     8 |    41 ||    62
       Shortbow          |       |       |     3 ||     3
       Hunting sling     |       |       |     1 ||     1
 Fire: Shortbow          |       |   184 |   393 ||   577
       Hunting sling     |       |       |    41 ||    41
  Use: Potion            |     4 |     1 |     5 ||    10
       Scroll            |       |       |     4 ||     4
  Eat: Chunk             |     3 |     5 |    11 ||    19
       Royal jelly       |       |       |     2 ||     2
       Fruit             |       |       |     2 ||     2
Armor: Ring mail         |    78 |    47 |       ||   125
       Leather armour    |     1 |       |       ||     1
       Skin              |    25 |       |       ||    25
       Chain mail        |       |     4 |   207 ||   211
Dodge: Dodged            |    83 |    36 |    63 ||   182
